 Dungeon Crawl Stone Soup version 0.30-a0-222-ge547ba4400 (webtiles) character file.

Game seed: 11555887263705272570

14520 qw the Cleaver (level 12, -6/76 HPs)
             Began as a Gargoyle Fighter on Oct 8, 2022.
             Was a High Priest of Okawaru.
             Mangled by an elephant (13 damage)
             ... on level 4 of the Lair of Beasts.
             The game lasted 00:04:36 (10107 turns).

qw the Cleaver (Gargoyle Fighter)                  Turns: 10107, Time: 00:04:37

Health: -6/76      AC: 20    Str: 24    XL:     12   Next: 17%
Magic:  2/6        EV:  9    Int: 10    God:    Okawaru [*****.]
Gold:   361        SH:  6    Dex:  9    Spells: 11/11 levels left

rFire   . . .      SeeInvis .    Y - +0 war axe (antimagic)
rCold   . . .      Faith    .    c - +0 buckler
rNeg    + . .      Spirit   .    g - +0 plate armour
rPois   inf        Reflect  .    i - +1 helmet
rElec   +          Harm     .    f - +0 cloak
rCorr   .          Rampage  .    p - +2 pair of gloves
Will    .....                    (no boots)
Stlth   ..........               (no amulet)
HPRegen 0.32/turn                (no ring)
MPRegen 0.10/turn                (no ring)

@: heroic, finesse-ful, corroded
A: sickness immunity, AC +8, negative energy resistance 1, electricity
resistance, torment resistance 1, petrification resistance
a: Renounce Religion, Heroism, Finesse, Duel


You were on level 4 of the Lair of Beasts.
You worshipped Okawaru.
Okawaru was extremely pleased with you.
You visited 2 branches of the dungeon, and saw 12 of its levels.

You collected 616 gold pieces.
You spent 255 gold pieces at shops.


Innate Abilities, Weirdness & Mutations

You are immune to sickness and miasma.
Your stone body is resilient. (AC +8)
You are immune to poison.
You resist negative energy. (rN+)
You are resistant to electric shocks. (rElec)
You are resistant to unholy torment.
You are immune to petrification.


   Skills:
 - Level 9.0(14.0) Fighting
 + Level 11.6(16.6) Axes
 - Level 4.1(9.1) Throwing
 - Level 8.1(13.1) Armour
 - Level 1.5(6.5) Dodging
 - Level 5.0(10.0) Shields
 - Level 10.0 Invocations


You had 11 spell levels left.
You didn't know any spells.
Your spell library was empty.

Inventory:

Hand Weapons
 b - a +0 morningstar
 n - the +5 flail of Gumirrie {speed, *Noise rF- rC+ Int+5}
   (You found it on level 7 of the Dungeon)

   Attacks with this weapon are significantly faster.
   Int:       It affects your intelligence (+5).
   rF:        It makes you vulnerable to fire.
   rC:        It protects you from cold.
   *Noise:    It may make noises in combat.
 Y - a +0 antimagic war axe (weapon)
Armour
 c - a +0 buckler (worn)
 f - a +0 cloak (worn)
 g - a +0 plate armour (worn)
 i - a +1 helmet (worn)
 p - a +2 pair of gloves (worn)
 r - +0 fire dragon scales
Scrolls
 a - 6 scrolls of identify
Potions
 d - 2 potions of might
 e - 3 potions of haste
 h - a potion of resistance
 j - 2 potions of magic
 m - a potion of lignification
 o - 3 potions of curing
 t - a potion of mutation
 u - a potion of attraction

Dungeon Overview and Level Annotations

Branches:
Dungeon (9/15)             Temple (0/1) D:7            Lair (4/5) D:9
  Swamp: Lair:2-3    Shoals: Lair:2-3     Snake: Lair:2-3    Spider: Lair:2-3
  Slime: Lair:4-5       Orc: D:9-12

Altars:
Hepliaklqana
Kikubaaqudgha
Makhleb
Okawaru
Qazlal
Ru
Trog
Vehumet
Wu Jian
Xom

Shops:
D:6 !

Annotations:
D:2 1 runed translucent door, Crazy Yiuf
D:3 3 runed translucent doors, qw's ghost, amateur GrFi
Lair:4 Sonja


Message History

You hit the elephant but do no damage.
The elephant is heavily wounded.
You hit the elephant. You hit Sonja but do no damage.
You hit the black mamba but do no damage.
You hit the elephant. You hit the elephant but do no damage.
The elephant is heavily wounded.
You hit the elephant. You closely miss Sonja.
You hit the black mamba but do no damage.
You hit the elephant but do no damage.
The black mamba bites you but does no damage.
The wolf bites the plant!
The plant begins to die.
Sonja barely misses you. Sonja hits you but does no damage.
Sonja barely misses you. You block the elephant's attack.
The elephant trunk-slaps you but does no damage.
The elephant tramples you but does no damage.
You block the elephant's attack.
The elephant tramples you but does no damage.
The elephant trunk-slaps you but does no damage.
You hit the elephant but do no damage.
The elephant is moderately wounded.
You barely miss the elephant. You slash the elephant! You hit Sonja.
Sonja's magic leaks into the air.
You hit the black mamba. You hit the elephant but do no damage.
The black mamba closely misses you.
You completely miss the elephant.
The elephant is moderately wounded.
You barely miss the elephant. You miss Sonja. You hit the black mamba.
You slash the elephant! You hit the elephant but do no damage.
You block Sonja's attack. Sonja hits you but does no damage. x2
Space warps horribly around you!
You slice the elephant!!
The elephant is severely wounded.
You slash the elephant! You hit the elephant.
You hit the elephant but do no damage. You hit Sonja but do no damage.
You hit the black mamba but do no damage.
The black mamba bites you but does no damage.
The elephant tramples you but does no damage.
The elephant barely misses you. The elephant tramples you!
You die...

....... ...
...#... .. #
....... .. .(
..... . .# ....
.#.# #..
#..####
.#.##.Y#Kh.....
......Y@#
......YYSh...#
..#.#..Y#.Ph...
#....#..P..##
..... # P.#.J
###. .......
....# J. ...
..##... .##.
J.###h (. #..#
.# ..#h...
.......


You could see 5 elephants, a black mamba, Sonja (magic disrupted), 3 wolves and
a jelly.

Vanquished Creatures
  2 two-headed ogres
  2 rime drakes
  A cane toad (Lair:1)
  2 komodo dragons (Lair:1)
  A polar bear (Lair:4)
  5 wyverns (D:9)
  36 yaks
  3 basilisks
  Menkaure (D:5)
  8 water moccasins
  2 orc warriors
  A sky beast (D:7)
  A centaur (D:8)
  An ogre (D:7)
  7 wolves
  2 phantoms
  3 kobold brigands
  7 bullfrogs
  A gnoll sergeant (D:9)
  8 scorpions
  4 necrophages
  4 wights (D:8)
  12 killer bees
  3 vampire bats (Lair:1)
  A howler monkey (D:9)
  12 jellies
  2 hounds (D:6)
  4 orc priests
  2 gnoll boudas
  3 iguanas
  A hell rat (D:7)
  6 adders
  16 gnolls
  6 river rats (D:7)
  3 shadow imps
  4 white imps
  4 ufetubi
  2 worms
  13 orcs
  3 ball pythons
  7 endoplasms
  3 hobgoblins
  2 jackals (D:4)
  18 kobolds
  12 quokkas
  9 bats
  A frilled lizard (D:2)
  4 goblins
  20 rats
275 creatures vanquished.

Vanquished Creatures (others)
  A human (D:8)
  13 fungi
  21 plants
35 creatures vanquished.

Grand Total: 310 creatures vanquished

Notes
Turn   | Place    | Note
-------+----------+-------------------------------------------
     0 | D:1      | qw the Gargoyle Fighter began the quest for the Orb.
     0 | D:1      | Reached XP level 1. HP: 14/14 MP: 1/1
     0 | D:1      | 0 ||| qw: Version: 0.2-a-17-g06abaee
     0 | D:1      | 0 ||| qw: Game counter: 2055
     0 | D:1      | 0 ||| qw: Always use a shield: true
     0 | D:1      | 0 ||| qw: God list: Okawaru
     0 | D:1      | 0 ||| qw: Allow faded altars: false
     0 | D:1      | 0 ||| qw: Do Orc after D:15 true
     0 | D:1      | 0 ||| qw: Do second Lair branch before Depths: true
     0 | D:1      | 0 ||| qw: Lair rune preference: random
     0 | D:1      | 0 ||| qw: Plans: Normal, Zot:1-4, God:TSO, Crypt, Tomb,
                  | Pan, Slime:5, Hells, Abyss, Orb
     0 | D:1      | 0 ||| PLANNING D:1-11
    52 | D:1      | Reached skill level 2 in Axes
   148 | D:1      | 148 ||| Stepping ~*~*~tactically~*~*~ (stealth).
   150 | D:1      | Reached XP level 2. HP: 17/19 MP: 2/2
   150 | D:1      | 150 ||| Stepping ~*~*~tactically~*~*~ (stealth).
   153 | D:1      | 153 ||| Stepping ~*~*~tactically~*~*~ (stealth).
   154 | D:1      | 154 ||| Stepping ~*~*~tactically~*~*~ (stealth).
   436 | D:1      | 436 ||| READING 2 scrolls labelled LUNNOIWEMI.
   437 | D:1      | 437 ||| READING scroll labelled KOYMEODWUO.
   538 | D:1      | 538 ||| READING 2 scrolls labelled KEFIPH VAJAPPODE.
   539 | D:1      | 539 ||| READING scroll labelled JIANTU MUSCH.
   540 | D:1      | 540 ||| READING scroll labelled IPPAES HAGAUH.
   541 | D:1      | 541 ||| DROPPING scroll of blinking.
   689 | D:2      | Reached skill level 3 in Axes
   689 | D:2      | Reached XP level 3. HP: 22/23 MP: 3/3
   881 | D:2      | Found a faded altar of an unknown god.
   949 | D:2      | Found a runed translucent door.
   950 | D:2      | Noticed Crazy Yiuf
  1054 | D:2      | 1054 ||| UPGRADING to +0 chain mail.
  1064 | D:2      | 1064 ||| DROPPING +0 scale mail.
  1065 | D:2      | 1065 ||| DROPPING orb of guile.
  1066 | D:2      | 1066 ||| DROPPING amulet of magic regeneration.
  1067 | D:2      | 1067 ||| READING scroll labelled FIPLER SELEA.
  1068 | D:2      | 1068 ||| READING scroll labelled PUCOTA OLUYTUTZ.
  1069 | D:2      | 1069 ||| DRINKING 2 fuming clear potions.
  1070 | D:2      | 1070 ||| DRINKING 3 glowing puce potions.
  1175 | D:2      | 1175 ||| DRINKING 2 fuming brown potions.
  1176 | D:2      | 1176 ||| READING 2 scrolls of identify.
  1176 | D:2      | 1176 ||| IDENTIFYING smoky orange potion
  1177 | D:2      | 1177 ||| DROPPING potion of degeneration.
  1178 | D:2      | 1178 ||| DROPPING 2 potions of berserk rage.
  1239 | D:3      | 1239 ||| Stepping ~*~*~tactically~*~*~ (stealth).
  1308 | D:3      | 1308 ||| DROPPING +0 whip.
  1449 | D:3      | Found a runed translucent gate.
  1451 | D:3      | Found a runed translucent gate.
  1452 | D:3      | Found a runed translucent gate.
  1544 | D:3      | Noticed a scorpion
  1553 | D:3      | Killed a scorpion
  1554 | D:3      | Reached skill level 4 in Axes
  1554 | D:3      | Reached XP level 4. HP: 14/28 MP: 4/4
  1648 | D:3      | Reached XP level 5. HP: 32/32 MP: 5/5
  1699 | D:3      | Found a burning altar of Makhleb.
  1699 | D:3      | Noticed a cacodemon
  2259 | D:3      | Noticed qw's ghost (amateur GrFi)
  2283 | D:3      | 2283 ||| READING scroll labelled APTASE ZUSAE.
  2307 | D:3      | 2307 ||| READING scroll labelled RUDGHY BEIGEMUC.
  2308 | D:3      | 2308 ||| READING scroll labelled DOQU HENEETRO.
  2401 | D:4      | 2401 ||| STAIRDANCE
  2539 | D:4      | Found a shimmering altar of Xom.
  2615 | D:4      | Reached skill level 5 in Axes
  2665 | D:4      | Reached XP level 6. HP: 32/38 MP: 6/6
  3056 | D:4      | 3056 ||| READING scroll labelled POLOUKH JEZA.
  3057 | D:4      | 3057 ||| READING 2 scrolls of identify.
  3057 | D:4      | 3057 ||| IDENTIFYING metallic purple potion
  3080 | D:5      | Entered Level 5 of the Dungeon
  3081 | D:5      | 3081 ||| STAIRDANCE
  3117 | D:5      | Reached skill level 6 in Axes
  3186 | D:5      | Reached skill level 1 in Dodging
  3186 | D:5      | Reached XP level 7. HP: 39/43 MP: 7/7
  3441 | D:5      | Found a hazy altar of Hepliaklqana.
  3441 | D:5      | Found an iron altar of Okawaru.
  3442 | D:5      | 3442 ||| PLANNING OKAWARU WORSHIP
  3442 | D:5      | 3442 ||| UPGRADING to +0 cloak.
  3447 | D:5      | 3447 ||| UPGRADING to +0 plate armour.
  3457 | D:5      | 3457 ||| DROPPING +0 chain mail.
  3458 | D:5      | 3458 ||| READING 2 scrolls of identify.
  3458 | D:5      | 3458 ||| IDENTIFYING murky clear potion
  3463 | D:5      | 3463 ||| Stepping randomly (stuck).
  3464 | D:5      | 3464 ||| Stepping randomly (stuck).
  3465 | D:5      | 3465 ||| Stepping randomly (stuck).
  3466 | D:5      | 3466 ||| Stepping randomly (stuck).
  3469 | D:5      | Became a worshipper of Warmaster Okawaru
  3470 | D:5      | 3470 ||| PLANNING D:1-11
  3512 | D:5      | 3512 ||| Stepping randomly (stuck).
  3513 | D:5      | 3513 ||| Stepping randomly (stuck).
  3625 | D:5      | 3625 ||| Stepping ~*~*~tactically~*~*~ (stealth).
  3752 | D:5      | 3752 ||| Stepping ~*~*~tactically~*~*~ (hiding).
  3792 | D:5      | 3792 ||| Stepping ~*~*~tactically~*~*~ (stealth).
  3799 | D:5      | 3799 ||| Stepping ~*~*~tactically~*~*~ (stealth).
  3802 | D:5      | 3802 ||| Stepping ~*~*~tactically~*~*~ (stealth).
  3804 | D:5      | 3804 ||| Stepping ~*~*~tactically~*~*~ (stealth).
  3851 | D:5      | Found a sacrificial altar of Ru.
  3858 | D:5      | Noticed Menkaure
  3859 | D:5      | 3859 ||| Stepping ~*~*~tactically~*~*~ (hiding).
  3860 | D:5      | 3860 ||| Stepping ~*~*~tactically~*~*~ (hiding).
  3867 | D:5      | Killed Menkaure
  3868 | D:5      | Reached skill level 7 in Axes
  3895 | D:5      | Reached * piety under Okawaru
  3896 | D:5      | Reached XP level 8. HP: 48/48 MP: 8/8
  4133 | D:5      | 4133 ||| UPGRADING to +0 helmet.
  4138 | D:5      | 4138 ||| READING 2 scrolls of identify.
  4138 | D:5      | 4138 ||| IDENTIFYING fuming red potion
  4206 | D:6      | Reached skill level 1 in Invocations
  4245 | D:6      | Found a stormy altar of Qazlal.
  4379 | D:6      | Reached skill level 1 in Throwing
  4398 | D:6      | 4398 ||| READING 2 scrolls of identify.
  4398 | D:6      | 4398 ||| IDENTIFYING golden potion
  4399 | D:6      | 4399 ||| Stepping randomly (stuck).
  4401 | D:6      | 4401 ||| Stepping randomly (stuck).
  4402 | D:6      | 4402 ||| Stepping randomly (stuck).
  4405 | D:6      | 4405 ||| Stepping randomly (stuck).
  4432 | D:6      | 4432 ||| INVOKING Heroism.
  4504 | D:6      | Noticed a yak
  4505 | D:6      | Noticed a yak
  4508 | D:6      | Noticed a yak
  4510 | D:6      | 4510 ||| INVOKING Heroism.
  4510 | D:6      | Noticed a yak
  4511 | D:6      | Noticed a yak
  4512 | D:6      | Noticed a yak
  4519 | D:6      | Killed a yak
  4520 | D:6      | Reached skill level 3 in Invocations
  4520 | D:6      | Killed a yak
  4520 | D:6      | Killed a yak
  4522 | D:6      | HP: 12/49 [yak (8)]
  4523 | D:6      | 4523 ||| READING scroll of teleportation.
  4524 | D:6      | 4524 ||| DRINKING 3 potions of heal wounds.
  4527 | D:6      | Found Ycaos's Distillery.
  4531 | D:6      | 4531 ||| INVOKING Heroism.
  4534 | D:6      | 4534 ||| Stepping ~*~*~tactically~*~*~ (stealth).
  4648 | D:6      | 4648 ||| BUYING potion of heal wounds (75 gold).
  4648 | D:6      | Bought a potion of heal wounds for 75 gold pieces
  4648 | D:6      | 4648 ||| BUYING potion of magic (120 gold).
  4648 | D:6      | Bought a potion of magic for 120 gold pieces
  4648 | D:6      | 4648 ||| SHOPLISTING potion of magic (120 gold, have 107).
  4648 | D:6      | 4648 ||| BUYING potion of might (60 gold).
  4648 | D:6      | Bought a potion of might for 60 gold pieces
  4648 | D:6      | 4648 ||| SHOPLISTING potion of might (60 gold, have 47).
  4648 | D:6      | 4648 ||| SHOPLISTING potion of mutation (120 gold, have
                  | 47).
  4699 | D:6      | 4699 ||| Stepping ~*~*~tactically~*~*~ (stealth).
  4703 | D:6      | Killed a yak
  4703 | D:6      | Reached ** piety under Okawaru
  4704 | D:6      | Reached XP level 9. HP: 54/54 MP: 12/12
  4709 | D:6      | 4709 ||| Stepping ~*~*~tactically~*~*~ (stealth).
  4721 | D:6      | 4721 ||| INVOKING Heroism.
  4727 | D:6      | Reached skill level 8 in Axes
  4803 | D:6      | 4803 ||| FLEEEEING.
  4804 | D:6      | 4804 ||| FLEEEEING.
  4805 | D:6      | 4805 ||| FLEEEEING.
  4806 | D:6      | 4806 ||| FLEEEEING.
  4809 | D:6      | 4809 ||| FLEEEEING.
  4810 | D:6      | 4810 ||| FLEEEEING.
  4811 | D:6      | 4811 ||| FLEEEEING.
  4812 | D:6      | 4812 ||| FLEEEEING.
  4813 | D:6      | 4813 ||| FLEEEEING.
  4814 | D:6      | 4814 ||| FLEEEEING.
  4815 | D:6      | 4815 ||| FLEEEEING.
  4816 | D:6      | 4816 ||| FLEEEEING.
  4817 | D:6      | 4817 ||| FLEEEEING.
  4818 | D:6      | 4818 ||| FLEEEEING.
  4841 | D:6      | 4841 ||| FLEEEEING.
  4842 | D:6      | 4842 ||| FLEEEEING.
  4843 | D:6      | 4843 ||| FLEEEEING.
  4844 | D:6      | 4844 ||| FLEEEEING.
  4998 | D:6      | 4998 ||| INVOKING Heroism.
  5007 | D:6      | Reached skill level 6 in Fighting
  5186 | D:6      | 5186 ||| FLEEEEING.
  5187 | D:6      | 5187 ||| FLEEEEING.
  5188 | D:6      | 5188 ||| FLEEEEING.
  5189 | D:6      | 5189 ||| STAIRDANCE
  5212 | D:6      | 5212 ||| STAIRDANCE
  5259 | D:6      | 5259 ||| FLEEEEING.
  5260 | D:6      | 5260 ||| STAIRDANCE
  5582 | D:7      | 5582 ||| INVOKING Heroism.
  5585 | D:7      | 5585 ||| Stepping ~*~*~tactically~*~*~ (hiding).
  5595 | D:7      | 5595 ||| Stepping ~*~*~tactically~*~*~ (hiding).
  5658 | D:7      | 5658 ||| INVOKING Heroism.
  5667 | D:7      | Reached skill level 9 in Axes
  5696 | D:7      | 5696 ||| Stepping ~*~*~tactically~*~*~ (stealth).
  5794 | D:7      | 5794 ||| Stepping ~*~*~tactically~*~*~ (stealth).
  5796 | D:7      | 5796 ||| Stepping ~*~*~tactically~*~*~ (stealth).
  5804 | D:7      | 5804 ||| INVOKING Heroism.
  5813 | D:7      | Reached *** piety under Okawaru
  5817 | D:7      | Reached skill level 6 in Armour
  5854 | D:7      | Found a staircase to the Ecumenical Temple.
  5872 | D:7      | 5872 ||| INVOKING Heroism.
  6054 | D:7      | Found a bloodstained altar of Trog.
  6107 | D:7      | Noticed a two-headed ogre
  6108 | D:7      | 6108 ||| INVOKING Heroism.
  6126 | D:7      | HP: 13/56 [two-headed ogre/+0 giant club (5)]
  6127 | D:7      | 6127 ||| DRINKING 3 potions of heal wounds.
  6128 | D:7      | 6128 ||| INVOKING Heroism.
  6129 | D:7      | Killed a two-headed ogre
  6130 | D:7      | Reached XP level 10. HP: 50/64 MP: 10/13
  6187 | D:7      | Identified the +5 flail of Gumirrie {speed, *Noise rF- rC+
                  | Int+5}
  6239 | D:7      | 6239 ||| Stepping ~*~*~tactically~*~*~ (stealth).
  6252 | D:7      | 6252 ||| INVOKING Heroism.
  6286 | D:7      | 6286 ||| INVOKING Heroism.
  6375 | D:7      | 6375 ||| INVOKING Heroism.
  6516 | D:7      | 6516 ||| Stepping ~*~*~tactically~*~*~ (stealth).
  6666 | D:7      | 6666 ||| INVOKING Heroism.
  6726 | D:7      | 6726 ||| UPGRADING to +2 pair of gloves.
  6731 | D:7      | 6731 ||| READING scroll labelled SIAPSETZ ACIV.
  6732 | D:7      | 6732 ||| READING scroll labelled OLAMIF XUIFEAN.
  6760 | D:8      | 6760 ||| Stepping ~*~*~tactically~*~*~ (stealth).
  6762 | D:8      | 6762 ||| INVOKING Heroism.
  6842 | D:8      | 6842 ||| Stepping ~*~*~tactically~*~*~ (hiding).
  6844 | D:8      | 6844 ||| Stepping ~*~*~tactically~*~*~ (hiding).
  6852 | D:8      | 6852 ||| Stepping ~*~*~tactically~*~*~ (stealth).
  6859 | D:8      | 6859 ||| INVOKING Heroism.
  6952 | D:8      | 6952 ||| READING scroll of enchant weapon.
  6952 | D:8      | 6952 ||| ENCHANTING +1 war axe.
  6963 | D:8      | 6963 ||| Stepping ~*~*~tactically~*~*~ (hiding).
  7151 | D:8      | Reached skill level 10 in Axes
  7180 | D:8      | 7180 ||| INVOKING Heroism.
  7189 | D:8      | Reached **** piety under Okawaru
  7236 | D:8      | 7236 ||| Stepping ~*~*~tactically~*~*~ (stealth).
  7242 | D:8      | 7242 ||| Stepping ~*~*~tactically~*~*~ (stealth).
  7246 | D:8      | 7246 ||| INVOKING Heroism.
  7266 | D:8      | Reached skill level 6 in Invocations
  7267 | D:8      | HP: 16/64 [yak (3)]
  7268 | D:8      | 7268 ||| READING scroll of teleportation.
  7269 | D:8      | Received a gift from Okawaru
  7555 | D:8      | 7555 ||| SWAPPING to +0 antimagic war axe.
  7556 | D:8      | 7556 ||| DROPPING +2 war axe.
  7617 | D:8      | Found an ancient bone altar of Kikubaaqudgha.
  7685 | D:8      | Found a radiant altar of Vehumet.
  7728 | D:8      | Found an ornate altar of the Wu Jian Council.
  7739 | D:8      | 7739 ||| READING scroll labelled HENEOM ZIALA.
  7740 | D:8      | 7740 ||| READING 5 scrolls of identify.
  7740 | D:8      | 7740 ||| IDENTIFYING dark potion
  7815 | D:9      | 7815 ||| Stepping ~*~*~tactically~*~*~ (stealth).
  7819 | D:9      | 7819 ||| INVOKING Heroism.
  7823 | D:9      | Reached XP level 11. HP: 63/68 MP: 2/15
  7832 | D:9      | Reached skill level 3 in Throwing
  7858 | D:9      | Reached ***** piety under Okawaru
  7871 | D:9      | 7871 ||| INVOKING Heroism.
  8026 | D:9      | Found a staircase to the Lair.
  8112 | D:9      | 8112 ||| Stepping ~*~*~tactically~*~*~ (hiding).
  8113 | D:9      | 8113 ||| Stepping ~*~*~tactically~*~*~ (hiding).
  8114 | D:9      | 8114 ||| Stepping ~*~*~tactically~*~*~ (stealth).
  8115 | D:9      | 8115 ||| Stepping ~*~*~tactically~*~*~ (hiding).
  8121 | D:9      | 8121 ||| INVOKING Heroism.
  8213 | D:9      | Noticed a two-headed ogre
  8214 | D:9      | 8214 ||| INVOKING Heroism.
  8222 | D:9      | Killed a two-headed ogre
  8468 | D:9      | Reached skill level 11 in Axes
  8779 | D:9      | 8779 ||| PLANNING LAIR
  8779 | D:9      | 8779 ||| READING 2 scrolls labelled BULAOD WUEDA.
  8780 | D:9      | 8780 ||| READING 5 scrolls of identify.
  8780 | D:9      | 8780 ||| IDENTIFYING gluggy blue potion
  8781 | D:9      | 8781 ||| DROPPING scroll of amnesia.
  8806 | Lair:1   | Entered Level 1 of the Lair of Beasts
  8814 | Lair:1   | Received a gift from Okawaru
  8857 | Lair:1   | 8857 ||| INVOKING Heroism.
  8864 | Lair:1   | 8864 ||| Stepping ~*~*~tactically~*~*~ (hiding).
  8879 | Lair:1   | Received a gift from Okawaru
  8888 | Lair:1   | Reached skill level 9 in Invocations
  8908 | Lair:1   | HP: 15/69 [komodo dragon (4)]
  8909 | Lair:1   | 8909 ||| READING scroll of teleportation.
  8909 | Lair:1   | HP: 2/69 [komodo dragon (13)]
  8910 | Lair:1   | 8910 ||| DRINKING 2 potions of heal wounds.
  8922 | Lair:1   | 8922 ||| Stepping ~*~*~tactically~*~*~ (stealth).
  8923 | Lair:1   | 8923 ||| INVOKING Heroism.
  8924 | Lair:1   | 8924 ||| Stepping ~*~*~tactically~*~*~ (stealth).
  8925 | Lair:1   | 8925 ||| Stepping ~*~*~tactically~*~*~ (stealth).
  8930 | Lair:1   | Received a gift from Okawaru
  8932 | Lair:1   | 8932 ||| Stepping ~*~*~tactically~*~*~ (stealth).
  8947 | Lair:1   | 8947 ||| Stepping ~*~*~tactically~*~*~ (stealth).
  8973 | Lair:1   | 8973 ||| INVOKING Heroism.
  9206 | Lair:1   | 9206 ||| READING scroll of enchant armour.
  9206 | Lair:1   | 9206 ||| ENCHANTING +0 helmet.
  9218 | Lair:1   | 9218 ||| Stepping ~*~*~tactically~*~*~ (stealth).
  9344 | Lair:1   | 9344 ||| Stepping ~*~*~tactically~*~*~ (stealth).
  9478 | Lair:1   | 9478 ||| Stepping ~*~*~tactically~*~*~ (stealth).
  9480 | Lair:1   | 9480 ||| Stepping ~*~*~tactically~*~*~ (stealth).
  9490 | Lair:1   | 9490 ||| INVOKING Heroism.
  9502 | Lair:1   | 9502 ||| Stepping ~*~*~tactically~*~*~ (stealth).
  9516 | Lair:1   | Reached XP level 12. HP: 66/75 MP: 5/19
  9535 | Lair:1   | Reached skill level 9 in Fighting
 10024 | Lair:2   | You fall into a shaft and drop 2 floors!
 10029 | Lair:4   | 10029 ||| FLEEEEING.
 10029 | Lair:4   | Noticed Sonja
 10030 | Lair:4   | 10030 ||| FLEEEEING.
 10031 | Lair:4   | 10031 ||| FLEEEEING.
 10032 | Lair:4   | 10032 ||| INVOKING Heroism.
 10034 | Lair:4   | 10034 ||| Stepping ~*~*~tactically~*~*~ (hiding).
 10035 | Lair:4   | 10035 ||| Stepping ~*~*~tactically~*~*~ (hiding).
 10044 | Lair:4   | 10044 ||| INVOKING Finesse.
 10071 | Lair:4   | HP: 19/76 [acid (3)]
 10074 | Lair:4   | 10074 ||| READING scroll of teleportation.
 10075 | Lair:4   | 10075 ||| DRINKING 2 potions of heal wounds.
 10081 | Lair:4   | HP: 18/76 [acid (3)]
 10082 | Lair:4   | 10082 ||| DRINKING potion of heal wounds.
 10106 | Lair:4   | HP: 7/76 [Sonja/+1 dagger of distortion (14)]
 10107 | Lair:4   | Mangled by an elephant

Levels and vault maps discovered:
D:1:      mrwooster_arrival_statue, layout_rooms, minmay_misc_feat_columns,
          minmay_misc_feat_plants
D:2:      layout_rooms, basic_ecumenical_altar, uniq_crazy_yiuf_cottage
D:3:      layout_loops_corners, makhleb_altar_promises_db, gammafunk_ghost_icy,
          kennysheep_generic_room_16
D:4:      layout_loops_ring, xom_teletrap_fun, grunt_decor_junction
D:5:      layout_loops_ring, jmf_multi_god_temple, hangedman_ru_absence,
          uniq_menkaure
D:6:      minmay_chambers_of_fours, layout_basic,
          nicolae_qazlal_eye_of_the_storm, serial_shops, shop_statue,
          nicolae_concentric_dashed_squares_mild, kb_lookout_dungeons_type
D:7:      lemuel_ratsnest, layout_basic, bloody_trog,
          minmay_temple_entry_slanted, lightli_minifort
D:8:      layout_gridville, mainiacjoe_overflow_swirl, tgw_kikubaaqudgha
D:9:      layout_stronghold, minmay_lair_entry_grove, corexii_leaking_fountain,
          corexii_corridor_pit, hangedman_abyss_or_decor_clamps,
          hangedman_abyss_or_decor_slice
Lair:1:   layout_loops_ring, roderic_batcave, serial_bayou_shore_b,
          infiniplex_staircase_pool_2
Lair:2:   layout_cave_pods, spider_nest_entry_webs, basic_altar,
          serial_bayou_shore_b
Lair:4:   layout_loops_ring, minmay_slime_entry_jelly_boxes, uniq_sonja

Skill      XL: |  1  2  3  4  5  6  7  8  9 10 11 12 |
---------------+-------------------------------------+-----
Axes           | 2 3 4 5 6 7 9 10 11 | 11.6
Fighting       | 4 5 8 9 |  9.0
Dodging        | 1 |  1.5
Armour         | 4 5 6 7 8 |  8.1
Invocations    | 4 6 10 | 10.0
Throwing       | 2 3 4 |  4.1
Shields        | 4 5 |  5.0

Action                   |  1- 3 |  4- 6 |  7- 9 | 10-12 || total
-------------------------+-------+-------+-------+-------++-------
Melee: War axe           |    79 |    71 |   314 |   517 ||   981
Throw: Javelin           |       |       |     8 |    26 ||    34
Invok: Heroism           |       |       |    11 |    17 ||    28
       Finesse           |       |       |       |     1 ||     1
  Use: Scroll            |     8 |     5 |     4 |    11 ||    28
       Potion            |     3 |       |     2 |     3 ||     8
Armor: Scale mail        |    25 |       |       |       ||    25
       Chain mail        |    16 |    34 |     8 |       ||    58
       Plate armour      |       |       |   264 |   305 ||   569
Dodge: Dodged            |    20 |    24 |   117 |   165 ||   326
Block: Buckler           |    13 |    13 |    73 |   117 ||   216

Table legend:
 A = Non-vault XP
 B = Vault XP
 C = Vault XP percentage of total XP
 D = Non-vault monster count
 E = Vault monster count
 F = Vault count percentage of total count
                 A         B        C        D         E       F
            +---------+---------+-------+---------+---------+-------
      Total |   17017 |    3727 |  18.0 |     200 |      75 |  27.3
            +---------+---------+-------+---------+---------+-------
        D:1 |      24 |       0 |   0.0 |      14 |       0 |   0.0
        D:2 |      22 |       0 |   0.0 |       6 |       0 |   0.0
        D:3 |     142 |       3 |   2.1 |      18 |       2 |  10.0
        D:4 |     302 |       0 |   0.0 |      10 |       0 |   0.0
        D:5 |     557 |     187 |  25.1 |      24 |       3 |  11.1
        D:6 |    1821 |     206 |  10.2 |      26 |       6 |  18.8
        D:7 |    2196 |     492 |  18.3 |      28 |      34 |  54.8
        D:8 |    2888 |       0 |   0.0 |      25 |       0 |   0.0
        D:9 |    1697 |    2330 |  57.9 |      12 |      13 |  52.0
     Lair:1 |    6246 |     164 |   2.6 |      32 |       8 |  20.0
     Lair:4 |    1122 |     345 |  23.5 |       5 |       9 |  64.3
            +---------+---------+-------+---------+---------+-------
